 Dungeon Crawl Stone Soup version 0.27-a0-760-gc38aae387d (webtiles) character file.

Game seed: 14872370917588731947

11440 Hasart the Tainter (level 11, -6/68 HPs)
             Began as a Mummy Venom Mage on Mar 24, 2021.
             Was a Follower of Ashenzari.
             Mangled by a shadow (30 damage)
             ... on level 10 of the Dungeon.
             The game lasted 00:44:19 (14530 turns).

Hasart the Tainter (Mummy Venom Mage)              Turns: 14530, Time: 00:44:20

Health: -6/68      AC:  6    Str: 12    XL:     11   Next: 49%
Magic:  2/25       EV: 13    Int: 18    God:    Ashenzari [*.....]
Gold:   879        SH:  5    Dex: 12    Spells: 15/30 levels left

rFire    . . .     SeeInvis .   g - +3 long sword
rCold    . . .     Faith    .   e - +0 buckler "Oracular Malaise" {Comp, Self} (curse)
rNeg     + + +     Spirit   .   u - +0 troll leather armour
rPois    ∞         Reflect  .   l - +2 helmet of the Unyielding Gaze {Elem, Cun} (curse)
rElec    .         Harm     .   (no cloak)
rCorr    .         Rampage  .   b - +1 pair of gloves
Will     +....                  x - +0 pair of boots {Stlth+}
Stlth    +++.......             (no amulet)
HPRegen  1.21/turn              t - ring of fire
MPRegen  0.19/turn              (no ring)

@: corroded
A: cold resistance 1, negative energy resistance 3, torment resistance 2,
unbreathing 1, heat vulnerability 1, no potions
a: Renounce Religion, Shatter the Chains


You were on level 10 of the Dungeon.
You worshipped Ashenzari.
Ashenzari was aware of your devotion.
You visited 2 branches of the dungeon, and saw 11 of its levels.
You also visited: Bailey.

You collected 879 gold pieces.

Inventory:

Hand Weapons
 g - a +3 long sword (weapon)
 p - a +1 dagger of venom
Armour
 b - a +1 pair of gloves (worn)
 e - the cursed +0 buckler "Oracular Malaise" (worn) {Comp, Self}
   (You found it on level 1 of the Dungeon)

   It has a curse which improves the following skills: Companions: Summonings
   and Necromancy.
   Introspection: Fighting and Spellcasting.
 l - the cursed +2 helmet of the Unyielding Gaze (worn) {Elem, Cun}
   (You took it off Robin on level 2 of the Dungeon)

   It has a curse which improves the following skills: Elements: Fire Magic, Ice
   Magic, Air Magic and Earth Magic.
   Cunning:   Dodging and Stealth.
 u - a +0 troll leather armour (worn)
 x - a +0 pair of boots of stealth (worn)
Magical Staves
 i - a staff of death
Jewellery
 t - a ring of fire (right hand)
 v - the ring of Konon {+Fly rF+ rC+ Int-5}
   (You found it in a bailey)

   [ring of protection from fire]

   It affects your intelligence (-5).
   It protects you from fire.
   It protects you from cold.
   It lets you fly.
Wands
 a - a wand of flame (15)
 j - a wand of random effects (36)
 q - a wand of acid (2)
 w - a wand of iceblast (7)
Scrolls
 c - a scroll of blinking
 d - 3 scrolls of fog
 f - 3 scrolls of enchant armour
 h - 6 scrolls of identify
 k - a scroll of teleportation
 m - 2 scrolls of fear
 n - a scroll of silence
 o - a scroll of magic mapping
 r - a scroll of brand weapon
 s - 2 scrolls of amnesia


   Skills:
 - Level 4.4(5.4) Dodging
 - Level 1.5(2.3) Stealth
 - Level 5.0 Shields
 + Level 9.1(10.1) Spellcasting
 - Level 4.0 Conjurations
 - Level 3.0 Transmutations
 - Level 3.5(4.4) Fire Magic
 - Level 3.5(4.4) Air Magic
 * Level 9.1 Poison Magic
 - Level 5.0 Evocations


You had 15 spell levels left.
You knew the following spells:

 Your Spells              Type           Power      Damage    Failure   Level
a - Sting                 Tmut/Pois      100%       1d8       1%          1
b - Poisonous Vapours     Pois/Air       66%        N/A       1%          2
c - Mephitic Cloud        Conj/Pois/Air  30%        N/A       2%          3
d - Ignite Poison         Fire/Tmut/Pois 43%        N/A       3%          3
e - Olgreb's Toxic Radia  Pois           42%        N/A       2%          4
f - Swiftness             Air            25%        N/A       2%          2

Your spell library contained the following spells:

 Spells                   Type           Power      Damage    Failure   Level
 Shock                    Conj/Air       96%        1d9       1%          1
 Static Discharge         Conj/Air       24%        N/A       5%          3
 Animate Skeleton         Necr           18%        N/A       10%         1
 Pain                     Necr           36%        1d5       10%         1
 Airstrike                Air            12%        N/A       16%         4
 Vampiric Draining        Necr           4%         2d6       28%         3
 Lightning Bolt           Conj/Air       12%        1d25      45%         5
 Animate Dead             Necr           4%         N/A       67%         4
 Agony                    Necr           9%         N/A       95%         5


Dungeon Overview and Level Annotations

Branches:
Dungeon (10/15)            Temple (1/1) D:4          Bailey (visited)
   Lair: D:8-11         Orc: D:9-12

Altars:
Ashenzari
Cheibriados
Dithmenos
Elyvilon
Fedhas
Gozag
Hepliaklqana
Kikubaaqudgha
Makhleb
Okawaru
Qazlal
Ru
Sif Muna
Trog
Uskayaw
Vehumet
Wu Jian
Xom
Yredelemnul
Zin
The Shining One

Shops:
D:6 [   D:9 !


Innate Abilities, Weirdness & Mutations

You are immune to poison.
Your flesh is cold resistant. (rC+)
You are immune to negative energy. (rN+++)
You are immune to unholy pain and torment.
You can survive without breathing.
You are vulnerable to heat. (rF-)
You do not drink.


Message History

Unknown command.
Casting: Olgreb's Toxic Radiance (dangerous; 2% risk of failure)
Confirm with . or Enter, or press ? or * to list all spells.
You don't have enough magic to cast this spell.
Unknown command.
Unknown command.
Unknown command.
You slash the acid dragon!
The acid dragon is moderately wounded.
You kill the howler monkey!
The acid dragon bites you. The acid dragon claws you.
A komodo dragon comes into view.
Unknown command.
You hit the acid dragon.
The acid dragon is moderately wounded.
The komodo dragon is poisoned.
Your toxic aura wanes.
You block the acid dragon's attack. The acid dragon claws you.
The acid dragon spits acid at you. The splash of acid hits you.
You are splashed with acid!
You barely miss the acid dragon.
The acid dragon is moderately wounded.
The shadow slips into darkness.
The shadow flickers and vanishes!
Deactivating autopickup; reactivate with Ctrl-A.
The acid dragon bites you. The acid dragon closely misses you.
Unknown command.
You closely miss the acid dragon.
The acid dragon is moderately wounded.
The acid dragon closely misses you.
You riposte.
You hit the acid dragon.
The acid dragon is heavily wounded.
The acid dragon claws you but does no damage.
The acid dragon spits acid at you. The splash of acid hits you!
The acid corrodes you!
You are splashed with acid!
You hit the acid dragon but do no damage.
The acid dragon is heavily wounded.
The shadow strikes at you from the darkness!
The acid dragon misses you. You block the acid dragon's attack.
The shadow strikes at you from the darkness!
You die...
PP

...........#
PP....P....########........#
..PP.PS.P.........#........######
.PP.P..P..........#..............
PP.PPP...#........#........######
.P..P....######'###..(.....#
...........................#
#...!.....†.†.D°.........#
##...........l{@..........#####
...........####................#
...........# #................#
........[..# #................#
......###### #########........#
###### #........# #........#
#........# ##########


You could see a komodo dragon (poisoned) and an acid dragon (catching breath).

Vanquished Creatures
  2 boulder beetles
  A two-headed ogre (D:7)
  An orc knight (Bailey)
  2 komodo dragons
  3 trolls
  Grinder (D:6)
  14 yaks
  2 wyverns
  Eustachio (D:8)
  2 steam dragons
  Menkaure (D:6)
  A vampire mosquito (D:7)
  6 water moccasins
  A necrophage (D:7)
  2 ice beasts
  2 black bears
  2 ogres
  6 orc warriors
  A sky beast (D:7)
  2 centaurs
  A kobold brigand (D:9)
  Blork the orc (D:6)
  6 bullfrogs
  A gnoll sergeant (D:9)
  A scorpion (D:6)
  13 killer bees
  5 wights
  4 howler monkeys
  5 centaur zombies
  2 jellies (D:6)
  2 hounds (D:6)
  A bullfrog skeleton (D:6)
  A centaur skeleton (D:6)
  4 gnoll shamans
  2 orc priests
  An iron imp (D:6)
  Jessica (D:2)
  2 iguanas
  2 orc wizards (D:8)
  3 worker ants
  2 killer bee zombies (D:7)
  A hound skeleton (D:4)
  Robin (D:2)
  A howler monkey skeleton (D:6)
  A howler monkey zombie (D:5)
  7 adders
  23 gnolls
  A white imp (D:7)
  2 ufetubi
  A worm (D:3)
  2 dart slugs
  15 orcs
  6 endoplasms
  6 giant cockroaches
  15 goblins
  11 hobgoblins
  23 kobolds
  2 quokkas
  7 ball pythons
  2 bats
  2 frilled lizards
  6 rats
248 creatures vanquished.

Vanquished Creatures (others)
  9 fungi (D:10)
  26 plants
35 creatures vanquished.

Grand Total: 283 creatures vanquished

Notes
Turn   | Place    | Note
-------+----------+-------------------------------------------
     0 | D:1      | Hasart the Mummy Venom Mage began the quest for the Orb.
     0 | D:1      | Reached XP level 1. HP: 13/13 MP: 4/4
   311 | D:1      | Reached skill level 1 in Transmutations
   311 | D:1      | Reached XP level 2. HP: 19/19 MP: 2/5
   366 | D:1      | You fall into a shaft and drop 1 floor!
   366 | D:2      | Noticed Jessica
   373 | D:2      | Killed Jessica
   374 | D:2      | Reached XP level 3. HP: 16/24 MP: 1/7
   923 | D:2      | Noticed Robin
  1217 | D:2      | Reached XP level 4. HP: 14/30 MP: 0/8
  1261 | D:2      | Killed Robin
  1548 | D:2      | Reached skill level 1 in Shields
  2851 | D:3      | Learned a level 2 spell: Poisonous Vapours
  3044 | D:3      | Reached XP level 5. HP: 15/35 MP: 2/10
  3870 | D:4      | Noticed a black bear
  3889 | D:4      | Killed a black bear
  3890 | D:4      | Reached skill level 1 in Evocations
  4111 | D:4      | Reached XP level 6. HP: 32/41 MP: 7/11
  4255 | D:4      | Found a staircase to the Ecumenical Temple.
  4270 | Temple   | Entered the Ecumenical Temple
  4381 | Temple   | Became a worshipper of Ashenzari the Shackled
  4909 | D:4      | Reached skill level 1 in Air Magic
  5133 | D:5      | Entered Level 5 of the Dungeon
  5194 | D:5      | Found a shadowy altar of Dithmenos.
  5554 | D:5      | Noticed a water moccasin
  5560 | D:5      | You fall into a shaft and drop 3 floors!
  5565 | D:8      | Learned a level 3 spell: Mephitic Cloud
  5569 | D:8      | Learned a level 3 spell: Ignite Poison
  5574 | D:8      | Learned a level 4 spell: Olgreb's Toxic Radiance
  5711 | D:8      | Reached XP level 7. HP: 42/46 MP: 7/13
  5901 | D:7      | Noticed a two-headed ogre
  5914 | D:6      | Noticed Grinder
  5927 | D:6      | Killed Grinder
  5967 | D:6      | Reached skill level 1 in Conjurations
  6127 | D:6      | Reached skill level 1 in Fire Magic
  6183 | D:6      | Noticed Menkaure
  6333 | D:6      | Found a snail-covered altar of Cheibriados.
  6342 | D:6      | Reached XP level 8. HP: 52/52 MP: 10/15
  6496 | D:6      | Identified the cursed +1 club of the Sphere {spect, Self,
                  | Melee} (You took it off Robin on level 2 of the Dungeon)
  6531 | D:6      | Identified the cursed +1 club of the Sphere {spect, Self,
                  | Melee} (You took it off Robin on level 2 of the Dungeon)
  6564 | D:6      | Learned a level 2 spell: Swiftness
  6973 | D:6      | Found Vesoh's Armour Shop.
  6979 | D:6      | Identified the cursed +1 club of the Sphere {spect, Self,
                  | Melee} (You took it off Robin on level 2 of the Dungeon)
  7230 | D:6      | Noticed Blork the orc
  7237 | D:6      | Identified the cursed +1 club of the Sphere {spect, Self,
                  | Melee} (You took it off Robin on level 2 of the Dungeon)
  7237 | D:6      | Killed Blork the orc
  7238 | D:6      | Reached skill level 5 in Spellcasting
  7613 | D:6      | Killed Menkaure
  7614 | D:6      | Reached skill level 5 in Poison Magic
  7725 | D:5      | Identified the cursed +1 club of the Sphere {spect, Self,
                  | Melee} (You took it off Robin on level 2 of the Dungeon)
  7801 | D:5      | Reached * piety under Ashenzari
  8105 | D:5      | Identified the cursed +1 club of the Sphere {spect, Self,
                  | Melee} (You took it off Robin on level 2 of the Dungeon)
  8640 | D:5      | Identified the cursed +1 club of the Sphere {spect, Self,
                  | Melee} (You took it off Robin on level 2 of the Dungeon)
  8647 | D:5      | Identified the cursed +1 club of the Sphere {spect, Self,
                  | Melee} (You took it off Robin on level 2 of the Dungeon)
  9187 | D:5      | Reached XP level 9. HP: 57/57 MP: 10/18
  9319 | D:7      | Identified the cursed +1 club of the Sphere {spect, Self,
                  | Melee} (You took it off Robin on level 2 of the Dungeon)
  9342 | D:7      | Found a basalt altar of Yredelemnul.
  9354 | D:7      | Identified the cursed +1 club of the Sphere {spect, Self,
                  | Melee} (You took it off Robin on level 2 of the Dungeon)
  9537 | D:7      | Identified the cursed +1 club of the Sphere {spect, Self,
                  | Melee} (You took it off Robin on level 2 of the Dungeon)
  9539 | D:7      | Identified the cursed +1 club of the Sphere {spect, Self,
                  | Melee} (You took it off Robin on level 2 of the Dungeon)
  9812 | D:7      | Killed a two-headed ogre
 10146 | D:7      | Found a stormy altar of Qazlal.
 10693 | D:7      | Reached XP level 10. HP: 37/63 MP: 8/19
 11060 | D:7      | Noticed a boulder beetle
 11075 | D:7      | Killed a boulder beetle
 12130 | D:8      | Noticed Eustachio
 12136 | D:8      | Killed Eustachio
 12155 | D:8      | Identified the +6 great sword "Lyosack" {flame, *Noise rF+
                  | Str+3}
 12814 | D:9      | Found Lorruiss's Distillery.
 13006 | D:9      | Noticed a boulder beetle
 13022 | D:9      | Killed a boulder beetle
 13023 | D:9      | Reached skill level 5 in Shields
 13023 | D:9      | Reached XP level 11. HP: 60/68 MP: 7/22
 13199 | D:9      | Reached skill level 5 in Evocations
 13285 | D:9      | Found a basalt altar of Yredelemnul.
 13286 | D:9      | Found a radiant altar of Vehumet.
 13568 | D:9      | Found a bloodstained altar of Trog.
 13826 | D:10     | Entered Level 10 of the Dungeon
 13861 | D:10     | Found a flagged portal.
 13960 | Bailey   | Entered a bailey
 14053 | Bailey   | Identified the ring of Konon {+Fly rF+ rC+ Int-5}
 14170 | Bailey   | Noticed an orc knight
 14177 | Bailey   | Killed an orc knight
 14530 | D:10     | Mangled by a shadow

Illustrated notes

Levels and vault maps discovered:
D:1:      minmay_arrival_up_and_down, layout_basic,
          minmay_misc_feat_four_crosses
D:2:      layout_basic, nicolae_elyvilon_temple_path, serial_bayou_ford_a,
          uniq_robin, uniq_jessica
D:3:      cheibrodos_pilgrimage, layout_basic, elyvilon_altar_1
D:4:      layout_cave_pods, minmay_temple_entry_water_ring, serial_column_ruins,
          column_ruins_corridor_corner, column_ruins_columns_water,
          column_ruins_corridor_straight, column_ruins_open_small_water,
          column_ruins_columns_corner, column_ruins_open_small_water
D:5:      minmay_inner_zag, layout_layer_cave, basic_altar
D:6:      layout_loops_ring, slow_altar_2, serial_shops,
          nicolae_shop_temple_entry_statues_fountains, uniq_blork_the_orc,
          uniq_grinder, uniq_menkaure
D:7:      layout_cave_pools, lemuel_round_altar, basic_altar, st_stairs_9,
          mrwooster_statue_mirror, minmay_shattered_shrine
D:8:      layout_loops_ring, sword_in_stone
D:9:      layout_irregular_city, nicolae_overflow_hidden_temple, serial_shops,
          shop
D:10:     layout_irregular_city, due_lair_maze_entry_diamond, david_orc_3,
          enter_bailey_8, kennysheep_generic_room_8
Temple:   bh_familiar_temple

Skill      XL: |  1  2  3  4  5  6  7  8  9 10 11 |
---------------+----------------------------------+-----
Transmutations | 1 2 3 |  3.0
Spellcasting   | 3 4 5 6 7 9 |  9.1
Poison Magic   | 3 4 5 6 7 9 |  9.1
Dodging        | 2 3 4 |  4.4
Shields        | 1 2 3 5 |  5.0
Evocations     | 1 2 3 4 5 |  5.0
Air Magic      | 1 2 3 |  3.5
Conjurations   | 1 2 3 4 |  4.0
Fire Magic     | 1 2 3 |  3.5
Stealth        | |  1.5

Action                   |  1- 3 |  4- 6 |  7- 9 | 10-12 || total
-------------------------+-------+-------+-------+-------++-------
Melee: Staff             |     7 |       |       |       ||     7
       Dagger            |     2 |       |       |       ||     2
       Club              |       |    36 |    60 |       ||    96
       Long sword        |       |       |    36 |    43 ||    79
 Cast: Sting             |    60 |    98 |   107 |    85 ||   350
       Poisonous Vapours |       |    21 |    29 |    13 ||    63
       Mephitic Cloud    |       |       |    13 |    21 ||    34
       Ignite Poison     |       |       |    11 |    21 ||    32
       Olgreb's Toxic Ra |       |       |     8 |    26 ||    34
Invok: Curse Item        |       |       |     2 |     1 ||     3
       Shatter the Chain |       |       |     1 |       ||     1
  Use: Scroll            |       |       |     1 |     1 ||     2
 Stab: Sleeping          |       |     1 |     1 |       ||     2
       Distracted        |       |       |     1 |       ||     1
Armor: Robe              |     2 |    40 |    66 |     6 ||   114
       Troll leather arm |       |       |       |    29 ||    29
Dodge: Dodged            |    24 |    69 |   168 |    82 ||   343
Block: Buckler           |       |       |       |    22 ||    22
       Rpst.: Long sword |       |       |    17 |    17 ||    34

Table legend: (Time is in decaauts)
 A = Elapsed time spent in this place.
 B = Non-inter-level travel time spent in this place.
 C = Inter-level travel time spent in this place.
 D = Time resting spent in this place.
 E = Time spent auto-exploring this place.
 F = Levels seen in this place.
 G = Mean time per level.
                   A        B        C        D        E       F      G
               +--------+--------+--------+--------+--------+-----+--------+
         Total |  14598 |  14093 |    505 |   1504 |  10034 |  12 | 1216.5 |
       Dungeon |  13916 |  13420 |    496 |   1387 |   9745 |  10 | 1391.6 |
        Temple |    185 |    176 |      9 |      0 |    172 |   1 |  185.0 |
        Bailey |    496 |    496 |      0 |    117 |    116 |   1 |  496.0 |
               +--------+--------+--------+--------+--------+-----+--------+

Top non-repeatable levels by time:
     D:7: 2169 daAuts
     D:5: 1992 daAuts
     D:6: 1850 daAuts
     D:3: 1515 daAuts
     D:9: 1411 daAuts
     D:8: 1310 daAuts
     D:2: 1297 daAuts
     D:4: 1160 daAuts
     D:1: 991 daAuts
  Bailey: 496 daAuts
    D:10: 216 daAuts
  Temple: 185 daAuts
